 Dungeon Crawl Stone Soup version 0.24.0-123-gd5b16e6ec5 (webtiles) character file.

Game seed: 3695627985091887469, levelgen mode: deterministic

16 Bergy the Shield-Bearer (level 2, 0/19 HPs)
             Began as a Gargoyle Fighter on Dec 30, 2019.
             Slain by a worm (2 damage)
             ... on level 1 of the Dungeon.
             The game lasted 00:01:33 (477 turns).

Bergy the Shield-Bearer (Gargoyle Fighter)           Turns: 477, Time: 00:01:33

Health: 0/19       AC:  9    Str: 19    XL:     2   Next: 58%
Magic:  2/2        EV:  7    Int:  8    God:
Gold:   77         SH:  9    Dex:  9    Spells: 1/1 levels left

rFire    . . .     SeeInvis .   a - +0 flail
rCold    . . .     Gourm    .   c - +0 shield
rNeg     + . .     Faith    .   b - +0 scale mail
rPois    ∞         Spirit   .   (no helmet)
rElec    +         Reflect  .   (no cloak)
rCorr    .         Harm     .   (no gloves)
MR       .....                  (no boots)
Stlth    ..........             (no amulet)
HPRegen  0.06/turn              (no ring)
MPRegen  0.08/turn              (no ring)

@: no status effects
A: negative energy resistance 1, electricity resistance, unbreathing,
petrification resistance, rot immunity, AC +2
a: no special abilities


You were on level 1 of the Dungeon.
You were not hungry.

You visited 1 branch of the dungeon, and saw 2 of its levels.

You collected 77 gold pieces.

Inventory:

Hand Weapons
 a - a +0 flail (weapon)
Armour
 b - a +0 scale mail (worn)
 c - a +0 shield (worn)
Scrolls
 e - a scroll of immolation {unknown}
 g - a scroll of fear {unknown}
 h - 5 scrolls of identify {unknown}
 k - a scroll of magic mapping {unknown}
 l - 2 scrolls of teleportation {unknown}
Potions
 d - a potion of might
 i - a potion of invisibility {unknown}
Comestibles
 f - 3 rations
 j - 3 chunks of flesh


   Skills:
 - Level 3.2 Fighting
 * Level 3.1 Maces & Flails
 - Level 3.2 Armour
 - Level 3.2 Shields


You had one spell level left.
You didn't know any spells.
Your spell library was empty.

Dungeon Overview and Level Annotations

Branches:
Dungeon (2/15)

Altars:


Innate Abilities, Weirdness & Mutations

You are resistant to torment.
Your stone body is resilient. (AC +2)
You are immune to poison.
You resist negative energy. (rN+)
You are resistant to electric shocks. (rElec)
You can survive without breathing.
You are immune to petrification.
You are immune to rotting.


Message History

You kill the rat!
The bat hits you but does no damage. The rat bites you but does no damage.
The hobgoblin closely misses you. The worm bites you.
You hit the rat but do no damage. You block the bat's attack.
The rat completely misses you. You block the hobgoblin's attack.
The rat bites you but does no damage. The worm bites you.
You barely miss the hobgoblin. The bat barely misses you.
The bat hits you but does no damage. The hobgoblin hits you with a +0 club.
The rat barely misses you.
You barely miss the rat. The bat closely misses you.
You block the hobgoblin's attack. You block the rat's attack.
The worm bites you.
* * * LOW HITPOINT WARNING * * *
The hobgoblin closely misses you.
You closely miss the rat. The bat hits you but does no damage.
The rat bites you.
* * * LOW HITPOINT WARNING * * *
The hobgoblin hits you but does no damage.
The worm bites you.
You die...

....##### #...........##.....##..
......(.###..........#####.####).
...#.................# #.# #..
...#....###..........# #)# ##.
####....###.........## #.# ##.
#.....#####.#.#..### #.# #..
#...........>.#....####.####..
####......####.w.#.........(.....
.....##...##...g@................
######8...8##...rb...............
##...#####..................
#######...##.....................
.....##)÷.##.....................
.##..#8...8####................#.
#######...########............##.
8###8##...##8###8#............##.
.................................


You could see a worm, a hobgoblin, a bat and a rat.

Vanquished Creatures
  A ball python (D:1)
  A giant cockroach (D:1)
  3 goblins (D:1)
  3 hobgoblins (D:1)
  A kobold (D:1)
  A bat (D:1)
  2 frilled lizards (D:1)
  3 rats (D:1)
15 creatures vanquished.

Notes
Turn   | Place    | Note
-------+----------+-------------------------------------------
     0 | D:1      | Bergy the Gargoyle Fighter began the quest for the Orb.
     0 | D:1      | Reached XP level 1. HP: 14/14 MP: 1/1
   200 | D:1      | Reached XP level 2. HP: 19/19 MP: 2/2
   477 | D:1      | Slain by a worm

Levels and vault maps discovered:
D:1:      lightli_arrival_statue_moat, layout_rooms, serial_corexii_hall,
          chequers_hall_statues_wall_a, corexii_hall_statues_x,
          corexii_hall_statues_t, chequers_hall_statues_corner_a
D:2:      layout_loops_ring, nicolae_overflow_quartered_altars

Skill      XL: |  1  2 |
---------------+-------+-----
Maces & Flails | 3 |  3.1
Fighting       | |  3.2
Armour         | |  3.2
Shields        | |  3.2

Action                   || total
-------------------------++-------
Melee: Flail             ||    50
Armor: Scale mail        ||    41
Dodge: Dodged            ||    21
Block: Shield            ||    25
